 Dungeon Crawl Stone Soup version 0.21.1-1-g345015f (webtiles) character file.

81 doot the Skirmisher (level 4, -2/44 HPs)
             Began as a Naga Abyssal Knight on June 4, 2018.
             Was a Believer of Lugonu.
             Slain by a worm (8 damage)
             ... on level 2 of the Dungeon.
             The game lasted 00:03:22 (1513 turns).

doot the Skirmisher (Naga Abyssal Knight)           Turns: 1513, Time: 00:03:22

Health: -2/44      AC:  3    Str: 14    XL:     4   Next: 42%
Magic:  5/5        EV:  9    Int: 13    God:    Lugonu [**....]
Gold:   53         SH:  0    Dex: 11    Spells: 3/3 levels left

rFire    . . .     SeeInvis +   a - +1 spear
rCold    . . .     Gourm    .   (no shield)
rNeg     . . .     Faith    .   b - +0 leather armour
rPois    +         Spirit   .   (no helmet)
rElec    .         Reflect  .   (no cloak)
rCorr    .         Harm     .   (no gloves)
MR       .....                  (no barding)
Stlth    +.........             (no amulet)
HPRegen  0.14/turn              (no ring)
MPRegen  0.09/turn              (no ring)

@: very slow
A: large, see invisible, deformed body, poison resistance, slowness 2, slow
metabolism 1, spit poison 1, AC +1
a: Spit Poison, Depart the Abyss, Bend Space, Renounce Religion


You were on level 2 of the Dungeon.
You worshipped Lugonu.
Lugonu was pleased with you.
You were not hungry.

You visited 1 branch of the dungeon, and saw 2 of its levels.
You visited the Abyss 1 time.

You collected 53 gold pieces.

Inventory:

Hand Weapons
 a - a +1 spear (weapon)
Armour
 b - a +0 leather armour (worn)
Scrolls
 d - 3 scrolls of fog {unknown}
 g - a scroll of enchant weapon {unknown}
 k - a scroll of teleportation {unknown}
 m - a scroll of remove curse {unknown}
Potions
 e - a potion of haste {unknown}
 f - a potion of invisibility {unknown}
 h - a potion of heal wounds {unknown}
 i - a potion of flight {unknown}
 l - a potion of brilliance {unknown}
 n - a potion of ambrosia {unknown}
Comestibles
 c - 3 rations
 j - 2 chunks of flesh


   Skills:
 + Level 3.7 Fighting
 + Level 3.2 Polearms
 + Level 2.1 Armour
 + Level 1.0 Dodging
 + Level 0.4 Stealth
 + Level 2.2 Invocations


You had 3 spell levels left.
You didn't know any spells.

Dungeon Overview and Level Annotations

Branches:
Dungeon (2/15)

Altars:
Xom


Innate Abilities, Weirdness & Mutations

You cannot wear boots.
Your serpentine skin is tough. (AC +1)
You have supernaturally acute eyesight. (SInv)
Armour fits poorly on your strangely shaped body.
Your system is resistant to poisons. (rPois)
You cover ground very slowly.
You have a slow metabolism.
You can spit poison.


Message History

The worm is heavily wounded.
You feel slightly more hungry.
You hit the worm.
The worm is heavily wounded.
You hit the worm.
The worm is severely wounded.
The worm bites you.
You hit the worm.
The worm is almost dead.
You hit the worm but do no damage.
The worm is severely wounded.
You have got your breath back.
The worm bites you!
* * * LOW HITPOINT WARNING * * *
You hit the worm.
The worm is almost dead.
You completely miss the worm.
The worm is almost dead.
The worm bites you!
You die...

.. #.# .. #.###
#.###...#
#.#.....#
#.....=.#
#.########
#......#
#.#.......
#..†...#
#.#.#####. #..w..#
#.#.# #. #..@#.#
#.#.# #. ##..# #
#.#.# #.
#####..#.#####.#.#
#.
#......#.#.......#
#.
#.###.>#.#.##'####
#. #.#
##.#.#......# #.
#.# #.#.#......#
#. #.#
#.#.#......# #.
#.# #.#.#......#
##


You could see a worm.

Vanquished Creatures
  A bullfrog skeleton (D:2)
  An adder (D:2)
  An ooze (D:1)
  2 dart slugs (D:1)
  A leopard gecko (D:1)
  2 giant cockroaches
  3 goblins (D:1)
  5 hobgoblins
  6 kobolds (D:1)
  A ball python (D:2)
  4 bats
  A frilled lizard (D:2)
  8 rats
36 creatures vanquished.

Notes
Turn   | Place    | Note
-------+----------+-------------------------------------------
     0 | Abyss:1  | doot the Naga Abyssal Knight began the quest for the Orb.
     0 | Abyss:1  | Reached XP level 1. HP: 21/21 MP: 2/2
    76 | D:1      | Escaped the Abyss
   158 | D:1      | Reached XP level 2. HP: 13/28 MP: 3/3
   711 | D:1      | Reached ** piety under Lugonu
   711 | D:1      | Reached XP level 3. HP: 34/34 MP: 4/4
  1181 | D:2      | Found a shimmering altar of Xom.
  1471 | D:2      | Reached XP level 4. HP: 29/44 MP: 5/5
  1489 | D:2      | Reached skill level 1 in Dodging
  1513 | D:2      | Slain by a worm

Skill      XL: |  1  2  3  4 |
---------------+-------------+-----
Polearms       | 3 |  3.2
Armour         | 2 |  2.1
Dodging        | 1 |  1.0
Fighting       | |  3.7
Stealth        | |  0.4
Invocations    | |  2.2

Action                   |  1- 3 |  4- 6 || total
-------------------------+-------+-------++-------
Melee: Spear             |    91 |    16 ||   107
 Abil: Spit Poison       |     3 |     1 ||     4
 Stab: Sleeping          |     1 |       ||     1
  Eat: Chunk             |     1 |       ||     1
Armor: Leather armour    |    28 |     2 ||    30
Dodge: Dodged            |    50 |     6 ||    56
